 Dungeon Crawl Stone Soup version 0.31.0-11-ge490571c62 (webtiles) character file.

Game seed: 4965985432824142951

334 qw the Skirmisher (level 6, -4/34 HPs)
             Began as a Deep Elf Hunter on Feb 3, 2024.
             Slain by an orc warrior
             ... wielding a +0 long sword
              (8 damage)
             ... on level 4 of the Dungeon.
             The game lasted 00:00:45 (2375 turns).

qw the Skirmisher (Deep Elf Hunter)                 Turns: 2375, Time: 00:00:46

Health: -4/34      AC:  7    Str: 14    XL:     6   Next: 27%
Magic:  8/8        EV: 12    Int: 13    God:
Gold:   158        SH:  0    Dex: 21    Spells: 5/5 levels left

rFire   . . .        a - +0 shortbow
rCold   . . .        (shield currently unavailable)
rNeg    . . .        l - +0 ring mail
rPois   +            r - +0 helmet
rElec   .            k - +0 cloak
rCorr   +            (no gloves)
SInv    .            (no boots)
Will    .....        (no amulet)
Stlth   +            d - ring of resist corrosion
HPRegen 0.25/turn    n - +6 ring of dexterity
MPRegen 0.11/turn

%: no passive effects
@: about to teleport, on berserk cooldown
A: clumsy 1, poison resistance, strong 1
a: no special abilities


You were on level 4 of the Dungeon.
You visited 1 branch of the dungeon, and saw 4 of its levels.

You collected 158 gold pieces.


Innate Abilities, Weirdness & Mutations

You are clumsy. (Dex -2)
Your system is resistant to poisons. (rPois)
Your muscles are strong. (Str +4, Int/Dex -1)


   Skills:
 + Level 1.6 Fighting
 - Level 9.7 Ranged Weapons
 - Level 3.2 Dodging
 - Level 1.2 Stealth


You had 5 spell levels left.
You didn't know any spells.
Your spell library was empty.

Inventory:

Hand Weapons
 a - a +0 shortbow (weapon)
Armour
 k - a +0 cloak (worn)
 l - a +0 ring mail (worn)
 r - a +0 helmet (worn)
Jewellery
 d - a ring of resist corrosion (left hand)
 n - a +6 ring of dexterity (right hand)
 o - an amulet of magic regeneration
 s - a ring of positive energy
Scrolls
 h - a scroll of teleportation
Potions
 b - a potion of heal wounds
 j - a potion of brilliance {unknown}
 m - 2 potions of might
 p - a potion of invisibility {unknown}
 q - a potion of curing {unknown}

Dungeon Overview and Level Annotations

Branches:
Dungeon (4/15)
 Temple: D:4-7

Altars:
Ru
Zin


Message History

The orc shouts!
The orc wizard casts a spell at you. The puff of flame hits you.
You shoot an arrow. The arrow hits the orc wizard.
The orc wizard is lightly wounded.
Enter note:
2367 ||| RETREEEEATING.
Enter note:
2368 ||| RETREEEEATING.
You shoot an arrow. The arrow barely misses the orc wizard.
The arrow hits the orc wizard.
The orc wizard is almost dead.
The orc wizard barely misses you.
You shoot an arrow.
The arrow closely misses the orc wizard.
The arrow hits the orc warrior.
The orc warrior is lightly wounded.
You shoot an arrow. The arrow hits the orc warrior.
The orc warrior is lightly wounded.
You shoot an arrow. The arrow hits the orc warrior.
The orc warrior is moderately wounded.
The orc warrior hits you with a +0 long sword!
The orc wizard gestures wildly while chanting.
The orc wizard flickers and vanishes!
Deactivating autopickup; reactivate with Ctrl-A.
You shoot an arrow.
The arrow hits the orc warrior but does no damage.
The orc warrior is moderately wounded.
The orc warrior barely misses you.
You shoot an arrow.
The arrow barely misses the orc warrior.
The arrow hits the orc wizard!
The orc wizard is severely wounded.
The orc warrior hits you with a +0 long sword!
An iguana comes into view.
2375 ||| READING 2 scrolls of teleportation.
As you read the scroll of teleportation, it crumbles to dust.
You feel strangely unstable.
The orc warrior hits you with a +0 long sword!
You die...

##. #### ###..## #..# ##..
..[ ##..## #..# #... ...
##..####..####... ##.#
#.........##.... ###...###
##...<.......... ........##
##.(..........# ......l..####
###...........##
.?#####...o{###............##
###.ooo@............##
######......##....#
###....###..## #....# #..#
###.## ... ##.# ..


You could see an orc warrior, an iguana (wandering), an orc wizard and 2 orcs.

Vanquished Creatures
  Grinder (D:4)
  An orc wizard (D:4)
  7 adders
  2 dart slugs
  A ribbon worm (D:2)
  2 orcs (D:4)
  5 bats
  7 endoplasms
  A giant cockroach (D:3)
  4 goblins
  4 hobgoblins
  3 kobolds
  3 quokkas
  4 frilled lizards
  4 rats
49 creatures vanquished.

Notes
Turn   | Place    | Note
-------+----------+-------------------------------------------
     0 | D:1      | qw the Deep Elf Hunter began the quest for the Orb.
     0 | D:1      | Reached XP level 1. HP: 12/12 MP: 3/3
     0 | D:1      | 0 ||| qw: Version: 0.3-a-155-g5e7d8dd
     0 | D:1      | 0 ||| qw: Game counter: 3371
     0 | D:1      | 0 ||| qw: Melee chars always use a shield: true
     0 | D:1      | 0 ||| qw: God list: Okawaru
     0 | D:1      | 0 ||| qw: Allow faded altars: false
     0 | D:1      | 0 ||| qw: Do Orc after clearing Dungeon:15 true
     0 | D:1      | 0 ||| qw: Do second Lair branch before Depths: true
     0 | D:1      | 0 ||| qw: Lair rune preference: random
     0 | D:1      | 0 ||| qw: Goals: Normal
     0 | D:1      | 0 ||| PLANNING D:1-11
   166 | D:1      | Reached XP level 2. HP: 16/16 MP: 4/4
   183 | D:1      | Reached skill level 6 in Ranged Weapons
   574 | D:1      | 574 ||| UPGRADING to +0 scale mail.
   584 | D:1      | 584 ||| DROPPING +0 leather armour.
   585 | D:1      | 585 ||| UPGRADING to +0 cloak.
   590 | D:1      | 590 ||| UPGRADING to +0 ring mail.
   600 | D:1      | 600 ||| DROPPING +0 scale mail.
   601 | D:1      | 601 ||| READING 3 scrolls labelled WEANAN UXZO.
   601 | D:1      | 601 ||| IDENTIFYING ruby potion
   602 | D:1      | 602 ||| READING 2 scrolls of identify.
   602 | D:1      | 602 ||| IDENTIFYING coppery potion
   603 | D:1      | 603 ||| READING scroll of identify.
   603 | D:1      | 603 ||| IDENTIFYING scroll labelled SOLIGI KIXTO
   604 | D:1      | 604 ||| READING scroll labelled VOOCEK GUCUM.
   705 | D:1      | 705 ||| READING scroll labelled QAGIFFECUS.
   710 | D:1      | 710 ||| READING scroll labelled ECZIMY XIRADEH.
   711 | D:1      | 711 ||| DROPPING scroll of butterflies.
   712 | D:1      | 712 ||| DROPPING scroll of fear.
   753 | D:2      | Reached XP level 3. HP: 20/20 MP: 5/5
   955 | D:2      | Reached skill level 7 in Ranged Weapons
   976 | D:2      | HP: 4/20 [ribbon worm (3)]
   981 | D:2      | HP: 2/20 [ribbon worm (1)]
  1116 | D:2      | Reached XP level 4. HP: 25/25 MP: 6/6
  1476 | D:2      | 1476 ||| UPGRADING to +0 helmet.
  1481 | D:2      | 1481 ||| UPGRADING to ring of resist corrosion.
  1482 | D:2      | 1482 ||| UPGRADING to +6 ring of dexterity.
  1483 | D:2      | 1483 ||| READING scroll labelled FITOLI LIKUKY.
  1484 | D:2      | 1484 ||| READING scroll labelled YLEKHU WOITT.
  1485 | D:2      | 1485 ||| READING scroll labelled JADAMOGAFE.
  1516 | D:3      | Found a sacrificial altar of Ru.
  1516 | D:3      | Found a glowing silver altar of Zin.
  1864 | D:3      | Found a faded altar of an unknown god.
  2026 | D:3      | 2026 ||| READING scroll labelled YGOID LUISOPSE.
  2027 | D:3      | 2027 ||| DRINKING 2 pink potions.
  2056 | D:4      | Reached skill level 8 in Ranged Weapons
  2076 | D:4      | HP: 3/25 [something/magic dart (6)]
  2082 | D:4      | Reached skill level 3 in Dodging
  2258 | D:4      | Noticed Grinder
  2259 | D:4      | 2259 ||| DRINKING potion of haste.
  2261 | D:4      | Paralysed by Grinder for 2 turns
  2274 | D:4      | Killed Grinder
  2275 | D:4      | Reached skill level 9 in Ranged Weapons
  2275 | D:4      | Reached XP level 5. HP: 29/29 MP: 7/7
  2275 | D:4      | Reached XP level 6. HP: 34/34 MP: 8/8
  2354 | D:4      | 2354 ||| DRINKING fuming grey potion.
  2355 | D:4      | 2355 ||| DRINKING orange potion.
  2355 | D:4      | Gained mutation: You are clumsy. (Dex -2) [potion of
                  | mutation]
  2355 | D:4      | Gained mutation: Your muscles are strong. (Str +4, Int/Dex
                  | -1) [potion of mutation]
  2355 | D:4      | Gained mutation: Your system is resistant to poisons.
                  | (rPois) [potion of mutation]
  2356 | D:4      | 2356 ||| DRINKING fuming brown potion.
  2356 | D:4      | Noticed an orc warrior
  2361 | D:4      | 2361 ||| DRINKING smoky inky potion.
  2362 | D:4      | 2362 ||| RETREEEEATING.
  2363 | D:4      | 2363 ||| RETREEEEATING.
  2364 | D:4      | 2364 ||| RETREEEEATING.
  2365 | D:4      | 2365 ||| RETREEEEATING.
  2367 | D:4      | 2367 ||| RETREEEEATING.
  2368 | D:4      | 2368 ||| RETREEEEATING.
  2374 | D:4      | HP: 3/34 [orc warrior/+0 long sword (10)]
  2375 | D:4      | 2375 ||| READING 2 scrolls of teleportation.
  2375 | D:4      | Slain by an orc warrior

Levels and vault maps discovered:
D:1:      scummos_arrival_simple_crosswalls, layout_loops_ring
D:2:      layout_loops_ring, lightli_corner_chamber
D:3:      layout_loops_ring, chequers_temple_overflow_statue_of_worship,
          hellmonk_ecumenical_altar_pennies_from_heaven
D:4:      layout_layer_cave, minmay_misc_feat_diagonals, dreamdust_wishing_well,
          nicolae_concentric_dashed_squares_wild, due_unseen_surprise,
          uniq_grinder, uniq_duvessa, uniq_eustachio, uniq_menkaure

Skill      XL: |  1  2  3  4 |
---------------+-------------+-----
Ranged Weapons | 6 7 9 |  9.7
Dodging        | 3 |  3.2
Fighting       | |  1.6
Stealth        | |  1.2

Action                     |  1- 3 |  4- 6 || total
---------------------------+-------+-------++-------
   Fire: Shortbow          |    94 |    87 ||   181
    Use: Scroll            |     6 |     5 ||    11
         Potion            |       |     6 ||     6
 Armour: Leather armour    |     7 |       ||     7
         Ring mail         |    29 |    31 ||    60
         Skin              |       |     2 ||     2
  Dodge: Dodged            |    35 |    13 ||    48

Table legend:
 A = Non-vault XP
 B = Vault XP
 C = Vault XP percentage of total XP
 D = Non-vault monster count
 E = Vault monster count
 F = Vault count percentage of total count
                 A         B        C        D         E       F
            +---------+---------+-------+---------+---------+-------
      Total |     201 |     277 |  57.9 |      48 |       1 |   2.0
            +---------+---------+-------+---------+---------+-------
        D:1 |      29 |       0 |   0.0 |      17 |       0 |   0.0
        D:2 |      73 |       0 |   0.0 |      16 |       0 |   0.0
        D:3 |      35 |       0 |   0.0 |       7 |       0 |   0.0
        D:4 |      64 |     277 |  81.2 |       8 |       1 |  11.1
            +---------+---------+-------+---------+---------+-------
